Cogmind - Beta 13 X2 @@@ ROGUE MODE // 2024.01.12 @ 21:56:18 Player: arkn Result: Destroyed by G-47 Trooper with Particle Gun Performance ------------- Evolutions (1) 500 Regions Visited (2) 400 Robots Destroyed (35) 175 Value Destroyed (755) 755 Prototype IDs (0) 0 Alien Tech Used (0) 0 Bonus (64) 64 TOTAL SCORE: 1894 Bonus ------- High Alert Combat Kills 64 Cogmind --------- Core Integrity 0/400 Matter 255/300 Energy 100/100 System Corruption 0% Temperature Cool (9) Movement Core (200) Ox3 Location -9/Materials Parts ------- > --- POWER (1) -------- (None) > --- PROPULSION (4) --- (None) > --- UTILITY (2) ------ Medium Storage Unit > --- WEAPON (2) ------- Flail > --- INVENTORY (10) --- Weight Redist. System Structural Scanner Mace Peak State ------------ > --- POWER ------------ Light Ion Engine > --- PROPULSION ------- VTOL Module VTOL Module VTOL Module VTOL Module > --- UTILITY ---------- Structural Scanner Light Armor Plating > --- WEAPON ----------- Light EM Pulse Cannon Mace > --- INVENTORY -------- Weight Redist. System Improved Targeting Computer Medium Armor Plating Improved Light Cannon Flail [Rating: 16] Favorites ----------- Power Ion Engine Engine Ion Engine Propulsion VTOL Module Treads Light Treads Leg Aluminum Leg Flight Unit VTOL Module Utility Structural Scanner Device Structural Scanner Storage Medium Storage Unit Protection Light Armor Plating Weapon Light EM Pulse Cannon Energy Gun EM Pulse Gun Energy Cannon Light EM Pulse Cannon Ballistic Gun Light Assault Rifle Ballistic Cannon Improved Light Cannon Special Weapon Welding Torch Impact Weapon Mace Build | -11 -10 -9 ------- Run | Yrd Mat Mat Slots Evolved 2 | . . 2 Power . | . . . Propulsion 2 | . . 2 Utility . | . . . Weapon . | . . . Parts Attached 33 | 2 18 13 Power 3 | . 2 1 Engine 3 | . 2 1 Core . | . . . Reactor . | . . . Propulsion 10 | . 5 5 Treads 3 | . . 3 Leg 2 | . 2 . Wheel . | . . . Hover . | . . . Flight 5 | . 3 2 Utility 8 | 2 2 4 Device 3 | 2 1 . Storage 1 | . . 1 Processor . | . . . Hackware . | . . . Protection 4 | . 1 3 Artifact . | . . . Weapon 12 | . 9 3 Energy Gun . | . . . Energy Cannon 6 | . 6 . Ballistic Gun 1 | . 1 . Ballistic Cannon 1 | . . 1 Launcher . | . . . Special Weapon 2 | . 2 . Impact Weapon 2 | . . 2 Slashing Weapon . | . . . Piercing Weapon . | . . . Special Melee Weapon . | . . . Unidentified Prototypes . | . . . Parts Lost 18 | . 5 13 Power 3 | . 1 2 Propulsion 7 | . . 7 Utility 5 | . 2 3 Weapon 3 | . 2 1 Highest Loss Streak 8 | . 2 8 To Critical Strikes . | . . . Average Slot Usage (%) 90 | . 93 83 Engine 10 | . 12 7 Treads 2 | . . 6 Leg 10 | . 15 . Flight 17 | . 12 28 Device 15 | . 18 9 Protection 9 | . 9 10 Energy Gun 1 | . 1 . Energy Cannon 11 | . 12 8 Ballistic Gun 3 | . 4 . Ballistic Cannon 1 | . . 3 Special Weapon 3 | . 4 . Impact Weapon 2 | . . 7 Naked Turns . | . . . Heaviest Build 17 | 10 17 15 Greatest Support 60 | 20 20 60 Greatest Overweight (x) 4 | . 4 4 Average Overweight (x) . | . . . Largest Inventory Capacity 10 | 5 5 10 Average Capacity 5 | 5 5 5 Most Carried 5 | 5 5 5 Average Carried 4 | 4 4 4 Final Capacity 10 | 5 5 10 Final Carried 5 | 5 4 3 Class Distribution -------------------- 69% | Mutant 24% | Sprinter 6% | Scavenger-Mutant Dominant Class ---------------- Mutant | -10/Materials Sprinter | -9/Materials Resources | -11 -10 -9 ----------- Run | Yrd Mat Mat Matter Collected 623 | 226 198 199 Remotely . | . . . Salvage Created 1188 | 95 620 473 Parts 74 | 7 37 30 Haulers Intercepted 4 | . 2 2 Recyclers Shooed 1 | 1 . . Parts Field Recycled . | . . . Retrieved Matter . | . . . Parts Self-Destructed . | . . . Prevented . | . . . Kills | -11 -10 -9 ------- Run | Yrd Mat Mat Combat Hostiles Destroyed 21 | . 9 12 Melee 1 | . . 1 Guns 1 | . 1 . Cannons 16 | . 7 9 AOE 1 | . . 1 Classes Destroyed 9 | 2 5 2 Worker 1 | . 1 . Builder 4 | . 2 2 Tunneler 1 | 1 . . Hauler 4 | . 2 2 Recycler 1 | 1 . . Watcher 3 | . 2 1 Swarmer 6 | . . 6 Grunt 12 | . 9 3 Sentry 3 | . . 3 Best Kill Streak 9 | 2 5 9 Combat Bots Only 7 | . 4 7 Max Kills in Single Turn 1 | 1 1 1 Gunslinging . | . . . Exploded 1 | . . 1 Melee 1 | . . 1 Uniques/NPCs Destroyed . | . . . Combat | -11 -10 -9 -------- Run | Yrd Mat Mat Hostile Shots Fired 196 | . 76 120 Missed 46 | . 17 29 Damage Taken 2032 | . 825 1207 Core 575 | . 172 403 Absorbed by Shields . | . . . Core Remaining (%) 65 | 100 31 . Volleys Fired 108 | 6 59 43 Largest 2 | 2 2 2 Hottest 112 | 60 112 95 Shots Fired 155 | 12 96 47 Gun 45 | 12 33 . Cannon 102 | . 55 47 Launcher . | . . . Special 8 | . 8 . Kinetic 71 | 6 26 39 Thermal 39 | . 39 . Explosive . | . . . Electromagnetic 45 | 6 31 8 Robot Hit Streak 10 | 2 4 10 Robot Miss Streak 7 | 3 7 3 Penetration Max . | . . . Secondary Targets . | . . . Shots Hit Robots 95 | 6 48 41 Core Hits 36 | 4 18 14 Critical Kills 1 | . 1 . Critical Parts Destroyed 3 | . . 3 Critical Strikes 4 | . 1 3 Meltdown 1 | . 1 . Smash 3 | . . 3 Melee Attacks 37 | . . 37 Impact 37 | . . 37 Slashing . | . . . Piercing . | . . . Sneak Attacks 4 | . . 4 Combat Hostiles . | . . . Follow-up Attacks . | . . . Damage Inflicted 2218 | 59 1003 1156 Guns 228 | 59 169 . Cannons 1362 | . 706 656 Explosions 125 | . 125 . Melee 500 | . . 500 Ramming . | . . . Kinetic 654 | 33 93 528 Thermal 409 | . 409 . Explosive . | . . . Electromagnetic 655 | 26 501 128 Impact 500 | . . 500 Slashing . | . . . Piercing . | . . . Highest Corruption 2 | . 2 . Average Corruption 1 | . 1 . Corruption Purged . | . . . Corruption Blocked . | . . . Effects 8 | . 8 . Message Errors 1 | . 1 . Matter Fused 3 | . 3 . Heat Flow Errors 1 | . 1 . Energy Discharges 1 | . 1 . Data Loss (minor) 1 | . 1 . Weapon Failures 1 | . 1 . Overload Shots . | . . . Overflow Damage 296 | . 71 225 Projectiles 70 | . 50 20 Explosions 21 | . 21 . Melee 205 | . . 205 Knockbacks 7 | . . 7 Impact 1 | . . 1 Kinetic 4 | . . 4 Secondary 2 | . . 2 Self-Inflicted Damage 39 | . 39 . Shots 1 | . 1 . Rammed 1 | . 1 . Targets Rammed 1 | . 1 . Kicked . | . . . Crushed . | . . . Highest Temperature 534 | 20 534 150 Average Temperature 103 | 13 113 68 Received Heat Transfer 846 | . 384 462 Effects 8 | . 8 . Energy Bleed 3 | . 3 . Interference 2 | . 2 . Short Circuit 3 | . 3 . Siege Activations . | . . . Robots Corrupted 1 | . 1 . Combat Hostiles 1 | . 1 . Parts Fried 8 | . 2 6 Impact Corruptions 8 | . . 8 Robots Melted 1 | . 1 . Combat Hostiles . | . . . Parts Melted 4 | . 4 . Heat Transferred 767 | . 767 . Parts Sabotaged . | . . . Parts Stolen . | . . . Parts Stripped . | . . . Power Chain Reactions 3 | . 3 . Missiles Intercepted . | . . . Alert | -11 -10 -9 ------- Run | Yrd Mat Mat Peak Influence 718 | 10 254 718 Initial 72 | . 6 72 Average 173 | 6 94 362 Maximum Alert Level 3 | . 1 3 Low Security (%) 73 | 100 97 18 Level 1 16 | . 2 47 Level 2 9 | . . 31 Level 3 . | . . 2 Level 4 . | . . . Level 5 . | . . . High Security . | . . . Max Security . | . . . Squads Dispatched 5 | . 4 1 Investigation 1 | . 1 . Extermination . | . . . Reinforcement 4 | . 3 1 Assault . | . . . Garrison . | . . . Intercept . | . . . Searches Triggered 1 | . . 1 Construction Impeded . | . . . Haulers Reinforced . | . . . Active Scanning Responses . | . . . Cargo Convoy Interrupts . | . . . Stealth | -11 -10 -9 --------- Run | Yrd Mat Mat Distress Signals 5 | . 2 3 Communications Jammed . | . . . Distress Signals . | . . . Times Spotted 59 | . 28 31 Peak Tracking Total 10 | . 6 10 Tactical Retreats 9 | . 6 3 Traps | -11 -10 -9 ------- Run | Yrd Mat Mat Traps Triggered 7 | . 7 . Indirectly . | . . . Trap Hack Attempts . | . . . Triggered . | . . . Disarmed . | . . . Reprogrammed . | . . . Reused . | . . . Traps Extracted . | . . . Installed . | . . . Triggered 1 | . 1 . Machines | -11 -10 -9 ---------- Run | Yrd Mat Mat Machines Disabled 1 | . 1 . Max in Single Turn 1 | . 1 . Machines Repaired . | . . . Machines Dismantled . | . . . Machines Sabotaged . | . . . Overloaded Fab Kills . | . . . Hacking | -11 -10 -9 --------- Run | Yrd Mat Mat Machines Accessed 5 | . 4 1 Terminals 5 | . 4 1 Fabricators . | . . . Repair Stations . | . . . Recycling Units . | . . . Scanalyzers . | . . . Garrison Access . | . . . Total Hacks 14 | . 12 2 Successful 3 | . 3 . Failed 11 | . 9 2 Catastrophic 1 | . 1 . Database Lockouts . | . . . Manual 11 | . 9 2 Terminals 14 | . 12 2 Fabricators . | . . . Repair Stations . | . . . Recycling Units . | . . . Scanalyzers . | . . . Garrison Access . | . . . Terminal Hacks 2 | . 2 . Zone Layout 2 | . 2 . Fabricator Hacks . | . . . Repair Station Hacks . | . . . Recycling Unit Hacks . | . . . Scanalyzer . | . . . Garrison Access Hacks . | . . . Unauthorized Hacks 1 | . 1 . Terminals 1 | . 1 . Botnet 1 | . 1 . Fabricators . | . . . Repair Stations . | . . . Recycling Units . | . . . Scanalyzers . | . . . Garrison Access . | . . . Data Cores Recovered . | . . . Used . | . . . Hacking Detections 5 | . 4 1 Full Trace Events 1 | . 1 . Feedback Events . | . . . Feedback Blocked . | . . . Robot Schematics Acquired . | . . . Robots Built . | . . . Authchips . | . . . Time . | . . . Total Robot Build Rating . | . . . Part Schematics Acquired . | . . . Parts Built . | . . . Authchips . | . . . Time . | . . . Total Part Build Rating . | . . . Parts Repaired . | . . . Time . | . . . Parts Recycled . | . . . Recycled Matter . | . . . Retrieved Matter . | . . . Retrieved Components . | . . . Parts Scanalyzed . | . . . Part Schematics Acquired . | . . . Parts Damaged . | . . . Bothacking | -11 -10 -9 ------------ Run | Yrd Mat Mat Used RIF Installer . | . . . Robots Hacked . | . . . Non-combat . | . . . Combat . | . . . Robot Hacks Applied . | . . . Relay Couplers Released . | . . . Fabnet Peak Effective % . | . . . Robots Rewired . | . . . Allies Hacked . | . . . Hacks Repelled . | . . . Allies | -11 -10 -9 -------- Run | Yrd Mat Mat Total Allies . | . . . Largest Group . | . . . Highest-Rated Group . | . . . Highest-Rated Ally . | . . . Total Orders . | . . . Ally Attacks . | . . . Total Damage . | . . . Kills . | . . . Allies Corrupted . | . . . Allies Melted . | . . . Intel | -11 -10 -9 ------- Run | Yrd Mat Mat Robot Analysis Total . | . . . Derelict Logs Recovered . | . . . Drone Launches . | . . . Drone Recoveries . | . . . Exploration | -11 -10 -9 ------------- Run | Yrd Mat Mat Turns Passed 1658 | 69 1075 514 Spaces Moved 1596 | 40 837 719 Core 11 | . . 11 Treads 32 | . . 32 Legs 427 | 40 387 . Wheels . | . . . Hover . | . . . Flight 1126 | . 450 676 Fastest Speed 26 | 120 32 26 Average Speed 70 | 120 97 36 Slowest Speed 355 | 120 355 250 Overloaded Moves . | . . . Propulsion Burnouts . | . . . Robots Hopped . | . . . Cave-ins Triggered . | . . . Exploration Rate (%) 47 | 3 91 48 Regions Visited 2 Branch Regions . Pre-discovered Areas . | . . . Known Exits Taken . | . . . Unknown Exits Taken 2 | 1 1 . Scrap Searched . | . . . Spaces Dug 25 | . 4 21 Terrain Destroyed 40 | . 17 23 Melee 21 | . . 21 Projectile 6 | . 4 2 AOE 13 | . 13 . Terrain Rammed . | . . . Walls Destroyed . | . . . Machines Disabled . | . . . Actions | -11 -10 -9 --------- Run | Yrd Mat Mat Total 1911 | 50 996 865 Wait 93 | . 51 42 Move 1594 | 39 836 719 Hop . | . . . Pick Up 21 | 1 13 7 Fast Attach 17 | 2 10 5 Attach 11 | . 4 7 Detach 1 | . . 1 Swap 5 | . 4 1 Drop 23 | 2 18 3 Fire 108 | 6 59 43 Melee 37 | . . 37 Ram 1 | . 1 . Kick . | . . . Crush . | . . . Escape Stasis . | . . . Rewire . | . . . Trap . | . . . Miscellaneous . | . . . Route ------- -11/Scrapyard -10/Materials (discovered 5 exits: *Mat x3 / [*Min] / [Sub]) -9/Materials History --------- Turn | Location | Event 2 | -11/Scrapyard | Discovered new exit (range 3) 70 | -11/Scrapyard | Entered Materials 224 | -10/Materials | Discovered new exit (range 10) 242 | -10/Materials | Discovered new exit (range 16) 301 | -10/Materials | Build established: Mutant 528 | -10/Materials | Discovered new exit (range 17) 986 | -10/Materials | Discovered new exit (range 13) 1016 | -10/Materials | Core integrity fell below 50% 1141 | -10/Materials | Discovered new exit (range 10) 1145 | -10/Materials | Entered another Materials area 1145 | -9/Materials | Evolved 2 slots: Propulsion x2 1408 | -9/Materials | Build established: Sprinter 1520 | -9/Materials | Destroyed 7 combat bots 1545 | -9/Materials | Search patrols dispatched 1576 | -9/Materials | Lost 8 parts (2p4n1u1w) 1631 | -9/Materials | Core integrity fell below 50% 1658 | -9/Materials | Core integrity fell below 20% 1659 | -9/Materials | Destroyed by G-47 Trooper with Particle Gun Last Messages --------------- 01611_ Y-45 Defender system terminally corrupted. 01612_ G-34 Mercenary destroyed. 01618_ Lgt. Treads destroyed. 01618_ G-47 Trooper knocked back. 01628_ Destroyed Imp. Heat Sink. 01628_ G-47 Trooper knocked back. 01630_ G-47 Trooper destroyed. 01630_ Lgt. Treads destroyed. 01632_ Dropped Imp. Light Cannon. 01637_ Sneak attack on A-02 Transporter. 01637_ A-02 Transporter suffers critical hit (Smash). 01637_ Destroyed Transport Network Coupler. 01637_ A-02 Transporter system corrupted by crushing effect. 01641_ Lgt. Treads destroyed. 01644_ G-47 Trooper IFF system glitched. 01644_ G-34 Mercenary destroyed. 01648_ G-47 Trooper IFF system glitched. 01652_ G-47 Trooper misfires. 01652_ Critical hit (Burn: +37). 01656_ Lgt. Armor Plating destroyed. Map ----- +----------------------------------------------------+ | ?????????????????????????????????## / ???? | | ?????????????????????????????????## """ """ # ??? | | ?????????????????????????????????## """ """ # ?? | | ?????????????????????????????????## """ """ ##? # | | ?????????????????????????????????## ##? # | | ?????????????????????????????????##! !##? # | | ????????????????????????????###########+###### # | | ????????????????????????????########### ###### # | | ???????????????????????????? ##%###### # | | ??????????????????????????????"" """ # | | ??????????????????????????????"" """ + | | ??????????????????????????????"" """ # | | ????????????????????????????? # # # ## | | ?????????????###?####### ? ! # | | ?????????????? ########### ######## =[# "" | | ???????????????"" # ############## %+ "" | | ????????????????" #" %!/%// [*#[ "" | | ????????????????? +%"T /%/ # | | ????????????????? #%% %*= % ### # # | | ????????????????? #%*% ####### ######## # | | ????????????????? ##%+######### % ######### ###### | | ????????????????? #*=[=] ## ##???##### | | ????????????????? #=""" [ ## ##?????## | | ????????????????? #""""" %! ## ##??????## //= | | ????????????????? #""""" Yg ## ########## //= | | ????????????????? #""""" @ ## ########## /== | | ????????????????? # """ g ## # ### | | ????????????????? # g ## # ### | | ??????????????????############# # """ ### | | ??????????????????????######### + """ ###+###+# | | ????????????????????########### # """ # # | | ????????????????????########### # + # | | ???? ??????????????## ### ######## + | | ???? ??????????????## """ ### # # # | | ?## ??????????????## """ ### # # # | | ?### ##????????????## """ ### # """ ###### | | ? # ##????????????## """ ### + """ ###### | | ?? / #?#####???##### ### # """ ##?## | | ?? # ##?#####???########+##### # ##?## | | ?? # ##?##+##???## #####+###?## | | ?? # ##### ##???## ##### ###### ###### ###?## | | #### ##### ####### ##### # #### ###### | | #### "####+####### ##?## # ?? #?####+####### | | # # ] ### ##?## ##?? ? ?### # | | # # ### ##?## ## ???### # | | " # # ### ##?## ### ???##+ + | | " # # ### ##?##%#####???### """ # | | " + + ### ##### #####???### """"" # | | # # """"" ###+##### ########### """"" # | | # # """"" ## # ########### """"" # | +----------------------------------------------------+ Best States ------------- Heat Dissipation 28 Energy Generation 10 Energy Capacity 250 Matter Stores 300 Matter Capacity 300 Sight Range 16 Terrain Scan Range 16 Terrain Scan Density 10 Armor Coverage 225 Evasion (%) 64 Recoil Reduction 3 Item Schematics ----------------- None Robot Schematics ------------------ None Fabricated ------------ Nothing Alien Tech Used ----------------- None Achievements -------------- None Challenges ------------ None Game ------ Seed XenonGammaFlightbrick Manual? 0 Play Time 00:32:49 Cumulative 103.0 hours Start 2024.01.12 @ 20:02:31 End 2024.01.12 @ 21:56:18 Sessions 1 Manual Loads 0 Difficulty Rogue Special Mode None Game No. 99 Rogue 99 Adventurer 0 Explorer 0 Win Type - Total 0 Types 0/0/0/0/0/0/0/0/0 Lore% 34 Gallery% 47 Achievement% 36 Wizard Run 0 Options --------- ASCII 0 Keyboard 0 Movement Numpad Keybinds 0 Fullscreen 1 Font 24/Proggy Map View 113x50 Zoom Use 0% Tactical HUD 1 Map Filters NONE Filters NONE Steam 1 RUN: fe0b43af-eb52-4330-986b-c6d6621a1a98